Workbook
Name 一位: #REF!
Name 一位: #REF!
Name 一位: #REF!
Name 一位: #REF!
Name 一位代価: #REF!
Name 一位代価: #REF!
Name 一位代価: #REF!
Name 一位代価: #REF!
Name 一位代価①: #REF!
Name 一位代価①: #REF!
Name 一位代価①: #REF!
Name 一位代価①: #REF!
Name 一位代価２: #REF!
Name 一位代価２: #REF!
Name 一位代価２: #REF!
Name 一位代価２: #REF!
Name 一位代価３: [1]一位!$A:$F
Name 一位代価４: [1]一位!$A:$F
Name 一位代価計: #REF!
Name 一位代価計: #REF!
Name 一位代価計: #REF!
Name 一位代価計: #REF!
Name 一位代価統計: #REF!
Name 一位代価統計: #REF!
Name 一位代価統計: #REF!
Name 一位代価統計: #REF!
Name 一位代価統計①: #REF!
Name 一位代価統計①: #REF!
Name 一位代価統計①: #REF!
Name 一位代価統計①: #REF!
Name 一位代価統計２: #REF!
Name 一位代価統計２: #REF!
Name 一位代価統計２: #REF!
Name 一位代価統計２: #REF!
Name 一位代価統計３: #REF!
Name 一位代価統計３: #REF!
Name 一位代価統計３: #REF!
Name 一位代価統計３: #REF!
Name 一位代価統計４: #REF!
Name 一位代価統計４: #REF!
Name 一位代価統計４: #REF!
Name 一位代価統計４: #REF!
Name 科目: #REF!
Name 科目: #REF!
Name 科目: #REF!
Name 科目: #REF!
Name 管理区分: #REF!
Name 管理区分: #REF!
Name 管理区分: #REF!
Name 管理区分: #REF!
Name 基礎数: #REF!
Name 基礎数: #REF!
Name 基礎数: #REF!
Name 基礎数: #REF!
Name 基礎数値: #REF!
Name 基礎数値: #REF!
Name 基礎数値: #REF!
Name 基礎数値: #REF!
Name 基礎数値①: #REF!
Name 基礎数値①: #REF!

Sheet 公告
AG4: 27
AG5: =AP29 -> 46323
B7: 公 告
Q12: 分任契約担当官 陸上自衛隊武山駐屯地 | AO12: 分任契約担当官 陸上自衛隊武山駐屯地 | AP12: 第４０７会計隊長 | AQ12: 武智 勝則
Q13: 第 ４ ０ ７ 会 計 隊 長 佐 藤 誠 | AO13: 分任契約担当官代理 陸上自衛隊武山駐屯地 | AP13: 第４０７会計隊契約班長 | AQ13: 三木 雄一
A15: 一 般 競 争 入 札 に つ い て 、 下 記 の と お り 公 告 す る 。
A18: 1 | C18: 一般競争に付する事項
B19: -1 | C19: 件名等
D20: 品名 | N20: 規格 | AH20: 単位 | AJ20: 数量
D21: 精米 | N21: 仕様書のとおり | AH21: KG | AJ21: 15000 | AO21: =COUNTA(#REF!) -> 1
B23: -2 | C23: 納期 | F23: =AP30 -> 46357
F24: Cグループ＝令和５年１０月３１日
F25: Dグループ＝令和６年２月２９日
B26: -3 | C26: 納地 | F26: 陸上自衛隊武山駐屯地 | AO26: =#REF!&"他"&公告!AO21&"件" -> #REF! | AY26: 内訳書のとおり
A28: 2 | C28: 入札参加資格 | AO28: 公告番号 | AP28: 77 | AQ28: 文字列
B29: -1 | D29: 予算決算及び会計令（以下「予決令」という。）第７０条の規定に該当しない者であること。なお、未成年者、被保佐人 | AO29: 公告年月日 | AP29: 46323
C30: 又は被補助人であって、契約締結のために必要な同意を得ている者は、同条中、特別の理由がある場合に該当する。 | AO30: 履行期限 | AP30: 46357 | AQ30: 初日
B31: -2 | D31: 予決令第７１条の規定に該当しない者であること。 | AO31: 履行期限〆 | AP31: 46387 | AQ31: 末日（あれば）
B32: -3 | D32: 令和４・５・６年度の全省庁統一資格において「物品の販売」の等級が「Ｄ」以上に格付けされ | AO32: 入札日 | AP32: 46339
C33: 関東・甲信越地域の資格を有する者であること。 | AO33: 入札時間 | AP33: 45432.375
B34: -4 | D34: 契約担当官等から指名停止等の措置を受け、現在その期間中の者でないこと。（協力業者を含む） | AO34: 入札参加希望 | AP34: 45429 | AQ34: 入札前日
B35: -5 | D35: 防衛省大臣官房衛生監、防衛政策局長、防衛装備庁長官又は陸上幕僚長から「装備品等及び役務の調達に係る | AO35: 再度入札日 | AP35: 45435 | AQ35: ３～４日後同時刻
C36: 指名停止等の要領」に基づく指名停止の措置を受けている期間中の者でないこと。 | AO36: 郵便入札 | AP36: =AP34 -> 45429 | AQ36: 前日か当日
B37: -6 | D37: 前号により現に指名停止を受けている者と資本関係又は人的関係のある者であって、当該者と同種の物品の売買 | AO37: 郵便締切時間 | AP37: 0.70833333
C38: 又は製造若しくは役務請負について防衛省と契約を行おうとする者でないこと。 | AO38: 入札会場 | AP38: 北１号隊舎 ２階 談話室
B39: -7 | D39: 原則、現に指名停止を受けている者の下請負については認めない。ただし、真にやむを得ない事由を該当する省 | AO39: 北１号隊舎 ２階 談話室 | AP39: 陸上自衛隊 武山駐屯地 北１号隊舎 ２階 談話室
C40: 指名停止権者が認めた場合には、この限りではない。 | AO40: 諸隊教場 | AP40: 陸上自衛隊 武山駐屯地 諸隊教場 （北１号隊舎１階）
AO41: カウンセリング室 | AP41: 陸上自衛隊 武山駐屯地 カウンセリング室 （北１号隊舎４階）
A42: ３ | C42: 契約条項を示す場所 | AO42: 落札決定方法 | AP42: 総品目総額による。 | AQ42: 総品目総額による。
C43: 陸上自衛隊 武山駐屯地 第４０７会計隊 契約班 | AO43: 0.41666667 | AP43: 0.70833333 | AQ43: グループ別総額による。
C44: 東部方面会計隊ウェブサイト（httpｓ://www.mod.go.jp/gsdf/eae/kaikei/eafin/index.html) | AQ44: 品目別総額による。
A47: 4 | C47: 入札日時及び場所
B48: -1 | D48: 日時 | L48: =AP32 -> 46339 | P48: =L48 -> 46339 | Q48: =AP33 -> 45432.375 | T48: =TEXT(WEEKDAY(L48),"（AAA）") -> (金) | V48: 0.4375 | AO48: 陸上自衛隊 武山駐屯地 第４０２教場 （北１号隊舎４階） | AP48: （北１号隊舎1階）
B49: -2 | D49: 会場 | L49: =VLOOKUP(AP38,AO39:AP41,2,FALSE) -> 陸上自衛隊 武山駐屯地 北１号隊舎 ２階 談話室 | U49: 第402教場 | AB49: =VLOOKUP(U49,AO47:AP50,2,FALSE) -> #N/A | AO49: 陸上自衛隊 武山駐屯地 諸隊教場 （北１号隊舎１階） | AP49: （北１号隊舎1階）
AO50: 北１号隊舎 ２階 談話室 | AP50: （北１号隊舎4階）
A51: ５ | C51: 保証金等に関する事項 | AP51: （北１号隊舎3階）
B52: -1 | D52: 入札保証金 | J52: ： | K52: 免除とする。ただし落札者が「入札及び契約心得」に従って契約の締結手続きをしない場合には、
K53: 落札者が契約締結に応じないものとみなし、落札金額の１００分の５に相当する金額を違約金として
K54: 徴収する。 | AO54: 入札金額は消費税抜き価格とし、当隊所定の予定価格の範囲内で最低入札者を落札者とする。
B55: -2 | D55: 契約保証金 | J55: ： | K55: 免除とする。ただし契約者が契約を履行しない場合、落札金額の10/100に相当する金額以上を | AO55: 入札金額は税込み価格とし、当隊所定の予定価格の範囲内で最低入札者を落札者とする。
K56: 違約金として徴収する。
B57: -3 | D57: 遅延賠償 | J57: ： | K57: 遅延部分１日につき、落札金額の1/1000に相当する金額以上を徴収する。
A59: ６ | C59: 入札の無効
B60: -1 | D60: 第２項に示す競争入札に参加する資格のない者が行った入札。
B61: -2 | D61: 電報、電話、ファックス等による入札。
B62: -3 | D62: 郵便等による入札で、会計隊又は業務隊総務科に下記期限までに未着のもの。 | AO62: 「物品の製造」の等級がＢ・Ｃ・Ｄの者
B63: -4 | D63: 入札書に記載された入札金額、入札者の氏名及び押印された印影が判別しがたい場合。 | AO63: 「役務の提供等」の等級がＤ以上の者
B64: -5 | D64: その他入札に関する条件に違反した場合。
B65: -6 | D65: 入札後契約締結するまでの間に、都道府県から暴力団関係業者として防衛省が発注する役務等から排除 | AO65: 「物品の製造」又は「役務の提供等」の等級がＢ・Ｃ・Ｄの者
C66: するよう申請があり、当該状態が継続してしている者による入札。
A68: ７ | C68: 落札決定方法
B69: -1 | D69: =AP42 -> 総品目総額による。
B70: -2 | D70: 入札金額は消費税抜き価格とし、当隊所定の予定価格の範囲内で最低入札者を落札者とする。 | AO70: 「物品の製造」又は「役務の提供等」の等級がＤ以上の者
B71: -3 | D71: 落札者となるべき最低入札者が２人以上ある場合は、くじ引きにより落札者を決定する。
B72: -4 | D72: １回の入札で落札決定できない場合は、直ちに再度入札を実施する場合がある。細部については、別示する。
B73: -5 | D73: 落札金額は、入札書に記載された金額に消費税額を加えた金額を落札金額（当該金額に１円未満の端数があるときは、その端数
D74: を切り捨てた金額）とする。
A76: 8 | C76: 契約書等の作成
B77: -1 | D77: 落札者は落札決定後遅滞なく「陸上自衛隊標準契約書」の様式により契約書を作成し、提出するものとする。
D78: 尚、契約金額が５０万円以上の場合は請書を、１５０万円以上の場合は契約書を作成する。
B79: -2 | D79: 適用条項
D80: 「物品売買契約条項」
D81: 「談合等の不正行為に関する特約条項」
D82: 「暴力団排除に関する特約条項」
A84: 9 | C84: その他
B85: -1 | D85: 入札参加希望者は | I85: =AP34 -> 45429 | N85: =O97 -> 0.70833333 | P85: までに下記の連絡先に一報すること。
B86: -2 | D86: 入札書には、「公告に対して「入札及び契約心得」及び「標準契約書等」の契約条項等を承諾のうえ入札いたします。また、
D87: 当社（私（個人の場合）、当団体（団体の場合））は「入札及び契約心得」に示された暴力団排除に関する誓約事項
D88: について誓約いたします。」を記入するものとする。
B89: -3 | D89: 仕様書等の入札関係書類は、下記の連絡先にて配布する。
B90: -4 | D90: 第２項（３）に示す資格審査結果通知書（写）は、入札開始までに提出すること。
B91: -5 | D91: 入札者が代表者の代理の時は、入札時に委任状を提出すること。
B92: -6 | D92: 本件入札においては郵便入札を可とする。
D93: 入札状況によっては再度入札を行わない場合がある。
D94: 初度入札で郵便による入札参加者があった場合の再度入札の時期は、次のとおりとする。
C95: ア | D95: =AP35 -> 45435 | K95: =Q48 -> 45432.375
C96: イ | D96: 場所：神奈川県横須賀市御幸浜１－１ 陸上自衛隊武山駐屯地 北１号隊舎 ２階 談話室
B97: -7 | D97: 郵便入札により参加する場合は | K97: =AP36 -> 45429 | O97: =AP37 -> 0.70833333 | Q97: までを期限とし、封筒に会社名、入札日時、件名及び入札書
D98: 在中と朱書きにより明記して輸送し、発送者の責により到着の確認をすること。
B99: -8 | D99: 本件事項に関する問い合わせ先
D100: 連絡先： | J100: 〒238-0317 神奈川県横須賀市御幸浜1-1 陸上自衛隊 武山駐屯地
J101: 第４０７会計隊 契約班 担当 石山 | T101: 飯田 | V101: 電話：０４６－８５６－１２９１（内線３４９）
AH102: FAX：０４６－８５６－１２９１（内線３７０）

Sheet 市価調査票Ａ
A2: 市価調査票
A4: № | B4: 品 名 | C4: 規 格 | D4: 単位 | E4: 予定数量 | F4: 単価 | G4: 金額 | H4: 備考
A5: 1 | B5: ＊精米 | C5: 仕様書のとおり | D5: KG | E5: 12112
C6: 以下余白
B14: 合 計
A15: ***製品情報*** | C15: 製品の特性、流通形態に応じた金額の記載を願います。
C16: 単価、金額について、税抜き金額で記載をお願いします。
A17: 令和 年 月 日
C19: 会 社 名
C20: 代表者氏名
B21: ※ １１月９日 １３時までご提出お願いいたします（ＦＡＸ可）

Sheet 入札書Ａ
C1: 入 札 書
B4: ￥ | C4: 単価 | F4: (税抜き）
B6: 品名 | C6: 規格 | D6: 単位 | E6: 予定数量 | F6: 単価 | G6: 金額 | H6: 備考
B7: =市価調査票Ａ!B5 -> ＊精米 | C7: 仕様書のとおり | D7: KG | E7: =市価調査票Ａ!E5 -> 12112 | J7: =COUNTA(#REF!) -> 1 | O7: =#REF!&"他"&J7&"件 別紙内訳書のとおり" -> #REF!
C8: 以下余白
B17: 合計
B18: 履行期限 | C18: 令和８年１２月１日 ～ 令和８年１２月３１日 | E18: 履行場所 | G18: =公告!F26 -> 陸上自衛隊武山駐屯地
B19: 入札（見積）有効期間
B20: 公告に対して「入札及び契約心得」及び「標準契約書等」の契約条項を承諾のうえ入札いたします。また、当社（私（個人の場合）、当団体（団体の場合））は「入札及び契約心得」に示された暴力団排除に関する契約事項について誓約いたします。
B22: =公告!L48 -> 46339
B24: 分任契約担当官
B25: 陸上自衛隊武山駐屯地 | D25: 住所
B26: 第４０７会計隊長 渡邊 竜也 殿 | D26: 会社名
D27: 代表者役職・氏名
D29: 担当者
D30: 連絡先
